 Dungeon Crawl Stone Soup version 0.30.1-3-gfc49f6343a (webtiles) character file.

Game seed: 16952596856487917336

2177 BillyBaka the Trooper (level 9, -2/68 HPs)
             Began as a Djinni Conjurer on July 20, 2023.
             Was an Initiate of Gozag.
             Slain by an acid dragon (4 damage)
             ... on level 5 of the Dungeon.
             The game lasted 00:27:58 (4199 turns).

BillyBaka the Trooper (Djinni Conjurer)             Turns: 4199, Time: 00:27:58

Health: -2/68      AC:  8    Str:  4 (6)  XL:     9   Next: 58%
Gold:   425        EV: 12    Int: 23 (24) God:    Gozag SH:  0 Dex:  9 (12)

rFire   + + +        c - staff of earth
rCold   x . .        (no shield)
rNeg    . . .        l - +1 leather armour of Weirdness {rF+}
rPois   ∞            (no helmet)
rElec   .            f - +0 cloak
rCorr   .            h - +2 pair of gloves
SInv    .            (boots unavailable)
Will    .....        (no amulet)
Stlth   ++           (no ring)
HPRegen 0.31/turn    (no ring)
MPRegen 0.00/turn

%: infuse magic (-3 HP)
@: flying
A: sickness immunity, fire resistance 2, cold vulnerability 1, float, innate
caster, HP casting, extra vitality 1
a: Renounce Religion, Potion Petition, Call Merchant, Bribe Branch


You were on level 5 of the Dungeon.
You worshipped Gozag.
Gozag was aware of your devotion.
You visited 2 branches of the dungeon, and saw 6 of its levels.

You collected 546 gold pieces.
You paid 121 gold pieces to Gozag.

Inventory:

Hand Weapons
 u - the +8 whip "Ruir" {drain, rF+ Will++ Dex-3 SInv}
   (You found it on level 4 of the Dungeon)

   Dex:       It affects your dexterity (-3).
   rF:        It protects you from fire.
   SInv:      It lets you see invisible.
   Will:      It greatly increases your willpower.
Missiles
 v - 2 curare-tipped darts
Armour
 f - a +0 cloak (worn)
 h - a +2 pair of gloves (worn)
 l - the +1 leather armour of Weirdness (worn) {rF+}
   (You found it on level 2 of the Dungeon)

   rF:        It protects you from fire.
 s - the +0 ring mail of Wonder {rPois Str+2}
   (You found it on level 4 of the Dungeon)

   Str:       It affects your strength (+2).
   rPois:     It protects you from poison.
Magical Staves
 c - a staff of earth (weapon)
Scrolls
 d - 2 scrolls of enchant armour
 e - 2 scrolls of silence
 g - a scroll of fog {unknown}
 j - 5 scrolls of teleportation
 o - a scroll of vulnerability
Potions
 a - a potion of ambrosia {unknown}
 b - 2 potions of curing
 i - a potion of brilliance {unknown}
 n - a potion of lignification {unknown}
 p - a potion of degeneration
 q - a potion of resistance {unknown}
 r - a potion of might {unknown}
 t - a potion of cancellation {unknown}
 x - 2 potions of haste {unknown}


   Skills:
 * Level 7.0 Fighting
 + Level 5.8 Dodging
 + Level 4.6 Stealth
 + Level 5.1 Spellcasting
 + Level 4.2 Evocations


You knew the following spells:

 Your Spells              Type           Power      Damage    Failure   Level
a - Magic Dart            Conj           100%       1d8       1%          1
b - Searing Ray           Conj           58%        2d6       3%          2
c - Dazzling Flash        Conj/Hex       58%        N/A       6%          3
d - Fulminant Prism       Conj/Hex       14%        3d9       21%         4
e - Iskenderun's Mystic   Conj/Tloc      29%        2d7       21%         4
f - Sandblast             Erth           88%        2d18      1%          1
g - Scorch                Fire           58%        2d7       3%          2
h - Volatile Blastmotes   Fire/Tloc      58%        2d14      6%          3
i - Flame Wave            Conj/Fire      29%        2d9       21%         4
Your spell library was empty.

Dungeon Overview and Level Annotations

Branches:
Dungeon (5/15)             Temple (1/1) D:5

Altars:
Ashenzari
Elyvilon
Gozag
Hepliaklqana
Makhleb
Nemelex Xobeh
Qazlal
Ru
Trog
Uskayaw
Wu Jian
Xom
Yredelemnul
Zin


Innate Abilities, Weirdness & Mutations

You are immune to sickness and miasma.
You are immune to poison.
Your flesh is very heat resistant. (rF++)
You are vulnerable to cold. (rC-)
You float through the air rather than walking.
You learn spells naturally, not from books.
Your magical power is your life essence.
You have superior vitality. (+4 MHP)


Message History

The splash of acid hits you!!
* * * LOW HITPOINT WARNING * * *
Casting: Sandblast (safe; 1% risk of failure)
Confirm with . or Enter, or press ? or * to list all spells.
Aiming: Magic Dart (safe; 1% risk of failure)
Press: ? - help, Shift-Dir - straight line, f/p - acid dragon
Aim: an acid dragon (heavily wounded, catching its breath, 100% to hit)
The magic dart hits the acid dragon.
The acid dragon is heavily wounded.
* * * LOW HITPOINT WARNING * * *
The acid dragon bites you.
* * * LOW HITPOINT WARNING * * *
The acid dragon claws you.
* * * LOW HITPOINT WARNING * * *
Unknown command.
It was a potion of degeneration.
There was something very wrong with that liquid.
You feel weakened.
You feel dopey.
You feel clumsy. The acid dragon misses you.
The acid dragon claws you but does no damage.
Blink to where?
Press: ? - help, Dir - move target, p - acid dragon
As you read the scroll labelled HYETAPSERRU, it crumbles to dust.
It was a scroll of blinking.
You see here 2 javelins.
As you read the scroll labelled ARUMUP EDGHIRYKH, it crumbles to dust.
You hear a loud clanging noise!
It was a scroll of noise.
The acid dragon barely misses you. x2
Casting: Magic Dart (safe; 1% risk of failure)
Confirm with . or Enter, or press ? or * to list all spells.
Aiming: Sandblast (safe; 1% risk of failure)
Press: ? - help, Shift-Dir - straight line, f - acid dragon
Aim: an acid dragon (heavily wounded, 85% to hit)
You feel a surge of power!
The blast of sand hits the acid dragon.
The acid dragon is heavily wounded.
* * * LOW HITPOINT WARNING * * *
The acid dragon bites you but does no damage.
The acid dragon claws you.
You die...
Your body crumbles into a pile of gold.

# #.# #.##.....####.# #.###
####.#####.##.###....#.# #.##.
8.##.#...#........##)#.######.##.
...#.#.#.#..#.###.##.#.....##.##.
>.8#.#.#.#....#.....<......+.....
..)).#.#.#.......#####.....##....
8.#.)..................#########.
...##..####.##################...
............#..(@............#...
######.####.#..D.........)...####
............#..#####..#####..#
........>...#......#..#......# ##
.###........#).....#..#......# #.
...#......#.#####..#..#..##### #.
##.#........#......#..#..)...# .
............#..b.b.#..#......# .
............#.b#####..#####..#.#.


You could see an acid dragon.

Vanquished Creatures
  Pikel (D:5)
  A wyvern (D:5)
  2 black bears
  A sky beast (D:5)
  3 ice beasts (D:5)
  A lemure (D:5)
  A phantom (D:4)
  A kobold brigand (D:5)
  A gnoll sergeant (D:5)
  4 scorpions (D:5)
  A howler monkey (D:5)
  2 jellies (D:5)
  3 hounds (D:5)
  A sleepcap (D:5)
  Jessica (D:2)
  2 orc wizards
  9 gnolls
  12 adders
  A shadow imp (D:5)
  2 ufetubi (D:5)
  2 worms
  5 dart slugs
  10 orcs
  7 bats
  6 endoplasms
  2 goblins
  8 hobgoblins
  2 jackals (D:1)
  5 quokkas
  11 ball pythons
  2 frilled lizards (D:1)
  4 kobolds
  4 rats
118 creatures vanquished.

Notes
Turn   | Place    | Note
-------+----------+-------------------------------------------
     0 | D:1      | BillyBaka the Djinni Conjurer began the quest for the Orb.
     0 | D:1      | BillyBaka set off with the following spells memorised:
                  | Magic Dart, Searing Ray, Dazzling Flash, Fulminant Prism,
                  | Iskenderun's Mystic Blast.
     0 | D:1      | Reached XP level 1. HP: 15/15 MP: 0/0
    70 | D:1      | Reached XP level 2. HP: 18/22 MP: 0/0
   132 | D:1      | Reached skill level 1 in Fighting
   329 | D:1      | Reached XP level 3. HP: 24/27 MP: 0/0
   329 | D:1      | Learned a level 1 spell: Sandblast
   686 | D:2      | Noticed Jessica
   696 | D:2      | Killed Jessica
   697 | D:2      | Reached skill level 2 in Fighting
   697 | D:2      | Reached XP level 4. HP: 32/33 MP: 0/0
   726 | D:2      | Identified the +1 leather armour of Weirdness {rF+}
  1166 | D:2      | Reached XP level 5. HP: 36/39 MP: 0/0
  1166 | D:2      | Learned a level 2 spell: Scorch
  1390 | D:3      | Reached skill level 3 in Fighting
  1438 | D:3      | Reached skill level 1 in Evocations
  1712 | D:3      | Reached XP level 6. HP: 44/46 MP: 0/0
  2031 | D:4      | Identified the +0 ring mail of Wonder {rPois Str+2}
  2153 | D:4      | Noticed a black bear
  2155 | D:4      | Killed a black bear
  2156 | D:4      | Reached XP level 7. HP: 50/51 MP: 0/0
  2156 | D:4      | Learned a level 3 spell: Volatile Blastmotes
  2455 | D:4      | Identified the +8 whip "Ruir" {drain, rF+ Will++ Dex-3
                  | SInv}
  2563 | D:4      | Found a burning altar of Makhleb.
  2639 | D:5      | Entered Level 5 of the Dungeon
  2641 | D:5      | Reached skill level 4 in Fighting
  2663 | D:5      | Found a staircase to the Ecumenical Temple.
  2719 | D:5      | HP: 2/53 [gnoll/+0 spear[a gnoll sergeant] (6)]
  2937 | Temple   | Entered the Ecumenical Temple
  3046 | Temple   | Became a worshipper of Gozag Ym Sagoz the Greedy
  3128 | D:5      | Found a bloodstained altar of Trog.
  3155 | D:5      | Reached XP level 8. HP: 50/58 MP: 0/0
  3355 | D:5      | Found a sparkling altar of Nemelex Xobeh.
  3447 | D:5      | Noticed Pikel
  3459 | D:5      | Killed Pikel
  3460 | D:5      | Reached skill level 5 in Fighting
  3460 | D:5      | Reached skill level 5 in Dodging
  3754 | D:5      | Reached skill level 6 in Fighting
  3754 | D:5      | Reached XP level 9. HP: 65/66 MP: 0/0
  3754 | D:5      | Learned a level 4 spell: Flame Wave
  3914 | D:5      | Reached skill level 5 in Spellcasting
  3981 | D:5      | Reached skill level 7 in Fighting
  4193 | D:5      | HP: 1/68 [acid dragon (3)]
  4199 | D:5      | Slain by an acid dragon

Illustrated notes

Levels and vault maps discovered:
D:1:      amcnicky_arrival_single_pillar, layout_rooms, chequers_garden,
          hex_tiny
D:2:      layout_basic, basic_altar, minmay_pentomino_u4, uniq_jessica
D:3:      layout_basic, saegor_snake_ambush
D:4:      layout_basic, lightli_temple_of_fire
D:5:      kennysheep_windowed_halls, layout_basic,
          mainiacjoe_overflow_concentric_impassable, minitemple,
          minmay_temple_entry_statues_pillars, uniq_pikel
Temple:   nicolae_temple_superstar

Skill      XL: |  1  2  3  4  5  6  7  8  9 |
---------------+----------------------------+-----
Fighting       | 1 2 3 4 6 7 |  7.0
Stealth        | 2 3 4 |  4.6
Dodging        | 3 4 5 |  5.8
Evocations     | 1 2 3 4 |  4.2
Spellcasting   | 4 5 |  5.1

Action                     |  1- 3 |  4- 6 |  7- 9 || total
---------------------------+-------+-------+-------++-------
   Cast: Magic Dart        |    47 |    52 |    39 ||   138
         Searing Ray       |     2 |       |       ||     2
         Sandblast         |     9 |    40 |    76 ||   125
         Volatile Blastmot |       |       |     9 ||     9
    Use: Scroll            |       |     7 |     3 ||    10
         Potion            |       |       |     2 ||     2
 Armour: Robe              |     1 |       |       ||     1
         Leather armour    |       |     2 |    21 ||    23
  Dodge: Dodged            |     7 |     5 |    31 ||    43
